 Dungeon Crawl Stone Soup version 0.20-b1 (webtiles) character file.

3068 Inarius the Carver (level 9, -1/79 HPs)
             Began as a Minotaur Fighter on May 18, 2017.
             Was a Believer of Trog.
             Slain by a two-headed ogre
             ... wielding a +0 giant spiked club
              (21 damage)
             ... on level 9 of the Dungeon.
             The game lasted 00:22:05 (7823 turns).

Inarius the Carver (Minotaur Fighter)               Turns: 7823, Time: 00:22:05

Health: -1/79      AC: 13    Str: 22    XL:     9   Next: 58%
Magic:  7/7        EV:  6    Int:  5    God:    Trog [**....]
Gold:   167        SH: 11    Dex: 12    Spells: 8/8 levels left

rFire    + . .     SeeInvis +   K - +3 dagger (elec)
rCold    + . .     Gourm    .   c - +0 shield
rNeg     . . .     Faith    +   a - +0 plate armour
rPois    +         Spirit   .   (helmet restricted)
rElec    +         Reflect  .   w - scarf {rC+ rF+}
rCorr    +         Harm     .   (no gloves)
MR       .....                  (no boots)
Stlth    ..........             z - amulet of faith
Regen    0.3/turn               n - ring of see invisible
MPRegen  0.1/turn               F - ring of the Sky {rCorr rPois}

@: no status effects
A: retaliatory headbutt, horns 2, low mp 1, electricity resistance, wild magic
1, evolution 1
a: Berserk, Trog's Hand, Burn Spellbooks, Renounce Religion


You were on level 9 of the Dungeon.
You worshipped Trog.
Trog was pleased with you.
You were hungry.

You visited 2 branches of the dungeon, and saw 10 of its levels.

You collected 447 gold pieces.
You spent 280 gold pieces at shops.

Inventory:

Hand Weapons
 K - a +3 dagger of electrocution (weapon)
 N - the +3 flail of Sutel {freeze, rC++}
   (You found it on level 8 of the Dungeon)

   It has been specially enchanted to freeze those struck by it, causing extra
   injury to most foes and up to half again as much damage against particularly
   susceptible opponents.
   It can also slow down cold-blooded creatures.
   It greatly protects you from cold.
Armour
 a - a +0 plate armour (worn)
 c - a +0 shield (worn)
 w - a scarf of resistance (worn)
Jewellery
 n - a ring of see invisible (left hand)
 o - an uncursed ring of poison resistance
 z - an amulet of faith (around neck)
 B - an uncursed ring of ice
 F - the ring of the Sky (right hand) {rCorr rPois}
   (You found it on level 7 of the Dungeon)

   [ring of resist corrosion]

   It protects you from poison.
Wands
 b - a wand of iceblast (6/15)
 g - a wand of random effects (34/48)
 j - a wand of lightning (6/15)
 D - a wand of enslavement (20/24)
 I - a wand of lightning (7/15)
 M - a wand of polymorph (13/24)
Scrolls
 e - 2 scrolls of teleportation
 h - 3 scrolls of remove curse
 i - 2 scrolls of noise {unknown}
 l - 2 scrolls of blinking
 m - a scroll of random uselessness {unknown}
 q - 2 scrolls of immolation
 r - a scroll of amnesia
 x - a scroll of silence
 y - a scroll of vulnerability
 C - a scroll of fear
 G - a scroll of fog {unknown}
 L - a scroll of brand weapon
Potions
 d - a potion of might
 k - 7 potions of heal wounds
 t - a potion of curing
 v - a potion of haste
 A - 3 potions of brilliance
 E - a potion of ambrosia
 H - a potion of agility
Comestibles
 f - 4 bread rations
 p - 4 royal jellies
 s - 4 meat rations
 u - 3 fruits


   Skills:
 + Level 7.2 Fighting
 + Level 1.5(6.0) Short Blades
   Level 10.0(10.1) Long Blades
 + Level 8.2 Armour
 + Level 2.1 Dodging
 - Level 0.6 Stealth
 + Level 8.3 Shields


You had 8 spell levels left.
You didn't know any spells.

Dungeon Overview and Level Annotations

Branches:
Dungeon (9/15)             Temple (1/1) D:6            Lair (0/6) D:8
    Orc: D:9-12

Altars:
Cheibriados
Dithmenos
Elyvilon
Fedhas
Gozag
Hepliaklqana
Kikubaaqudgha
Makhleb
Nemelex Xobeh
Qazlal
Ru
Sif Muna
Trog
Xom
Yredelemnul
Zin
The Shining One

Shops:
D:6 :   D:7 ?


Innate Abilities, Weirdness & Mutations

You reflexively headbutt those who attack you in melee.
You have a pair of horns on your head.
Your magical capacity is low. (-10% MP)
You are resistant to electric shocks. (rElec)
Your spells are a little harder to cast, but a little more powerful.
You evolve.


Message History

a dagger; an orc skeleton
There is a stone staircase leading up, spattered with blood here.
You climb upwards.
There is a stone staircase leading down here.
Things that are here:
a chain mail; a mace You start resting.
HP restored.
There is a stone staircase leading down here.
Things that are here:
a chain mail; a mace You climb downwards.
The troll bites you! The troll claws you! You block the troll's attack.
The two-headed ogre hits you with a giant spiked club!!
You block the two-headed ogre's attack. The troll bites you.
The troll claws you! The troll claws you.
* * * LOW HITPOINT WARNING * * *
There is a stone staircase leading up, spattered with blood here.
The two-headed ogre hits you with a giant spiked club!!
You die...

#..........######
####................
....................
###.................
#..........#######
#..........#
#..........#
#.....)OW..#######
#.....T@..|.......
##################


You could see a two-headed ogre, a troll and a phantom.

Vanquished Creatures
  The ghost of Inarius the Shield-Bearer, a novice MiFi (D:6)
  A yak (D:8)
  A porcupine (D:8)
  2 orc warriors (D:8)
  A necrophage (D:7)
  4 phantoms
  2 centaurs
  A crocodile (D:8)
  2 scorpions
  6 killer bees
  A crimson imp (D:5)
  A jelly (D:6)
  A quasit (D:7)
  7 orc priests
  A hound (D:8)
  9 orc wizards
  An iguana (D:7)
  5 worker ants
  A hound zombie (D:9)
  A hound skeleton (D:4)
  9 gnolls
  12 adders
  A shadow imp (D:6)
  2 oozes
  An adder zombie (D:7)
  2 adder skeletons
  3 worms
  A dart slug (D:1)
  5 leopard geckos
  39 orcs
  2 ball pythons
  3 giant cockroaches
  12 goblins
  7 hobgoblins
  19 jackals
  11 kobolds
  3 quokkas
  3 bats
  10 frilled lizards
  A leopard gecko skeleton (D:7)
  A quokka skeleton (D:7)
  6 rats
202 creatures vanquished.

Notes
Turn   | Place    | Note
-------+----------+-------------------------------------------
     0 | D:1      | Inarius the Minotaur Fighter began the quest for the Orb.
     0 | D:1      | Reached XP level 1. HP: 19/19 MP: 0/0
     3 | D:1      | Noticed an electric eel
   126 | D:1      | Reached XP level 2. HP: 27/27 MP: 1/1
   282 | D:1      | Noticed an electric eel
   565 | D:2      | Reached XP level 3. HP: 33/33 MP: 2/2
   576 | D:2      | Found a shimmering altar of Xom.
   662 | D:2      | Reached skill level 3 in Long Blades
   739 | D:2      | Gained mutation: Armour fits poorly on your strangely shaped body. [potion of mutation]
   739 | D:2      | Gained mutation: You are partially covered in molten scales. (AC +2) [potion of mutation]
   953 | D:2      | Reached XP level 4. HP: 40/40 MP: 3/3
  1041 | D:2      | Found a shadowy altar of Dithmenos.
  1377 | D:3      | Reached skill level 4 in Long Blades
  1401 | D:3      | Reached XP level 5. HP: 44/46 MP: 4/4
  2013 | D:3      | Reached skill level 5 in Shields
  2743 | D:4      | Reached skill level 5 in Long Blades
  2743 | D:4      | Reached XP level 6. HP: 37/53 MP: 5/5
  2883 | D:4      | Reached skill level 1 in Dodging
  2897 | D:4      | Reached skill level 5 in Armour
  3724 | D:5      | Entered Level 5 of the Dungeon
  3727 | D:5      | Found Lineh's Distillery.
  3952 | D:5      | Reached skill level 5 in Fighting
  3952 | D:5      | Reached XP level 7. HP: 54/61 MP: 6/6
  4408 | D:6      | Reached skill level 6 in Long Blades
  4595 | D:6      | Found Nouzext's Book Shoppe.
  4629 | D:6      | Lost mutation: Armour fits poorly on your strangely shaped body. [potion of mutation]
  4629 | D:6      | Lost mutation: You are partially covered in molten scales. (AC +2) [potion of mutation]
  4629 | D:6      | Gained mutation: Your magical capacity is low. (-10% MP) [potion of mutation]
  4629 | D:6      | Gained mutation: You are resistant to electric shocks. (rElec) [potion of mutation]
  4629 | D:6      | Gained mutation: Your spells are a little harder to cast, but a little more powerful. [potion of mutation]
  4629 | D:6      | Gained mutation: You evolve. [potion of mutation]
  4775 | D:6      | Reached skill level 7 in Long Blades
  5019 | D:6      | Reached XP level 8. HP: 55/70 MP: 6/6
  5240 | D:6      | Noticed Inarius's ghost (novice MiFi)
  5271 | D:6      | Killed Inarius's ghost
  5271 | D:6      | Reached skill level 8 in Long Blades
  5458 | D:6      | Found a staircase to the Ecumenical Temple.
  5466 | Temple   | Entered the Ecumenical Temple
  5474 | Temple   | Became a worshipper of Trog the Wrathful
  5637 | D:7      | Reached skill level 9 in Long Blades
  6244 | D:7      | Reached XP level 9. HP: 76/78 MP: 7/7
  6572 | D:7      | Reached * piety under Trog
  6628 | D:7      | Found Bof Laxtal's Magic Scroll Boutique.
  6675 | D:7      | Got a warped iron ring
  6677 | D:7      | Identified the ring of the Sky {rCorr rPois} (You found it on level 7 of the Dungeon)
  6687 | D:7      | Bought a scroll of brand weapon for 280 gold pieces
  6932 | D:8      | Reached skill level 10 in Long Blades
  7068 | D:8      | Got a bloodstained flail
  7069 | D:8      | Identified the +3 flail of Sutel {freeze, rC++} (You found it on level 8 of the Dungeon)
  7123 | D:8      | Found a glowing golden altar of the Shining One.
  7165 | D:8      | Found a staircase to the Lair.
  7262 | D:8      | Found a deep blue altar of Sif Muna.
  7336 | D:8      | Reached skill level 1 in Short Blades
  7730 | D:9      | Noticed a troll
  7730 | D:9      | Noticed a two-headed ogre
  7753 | D:9      | Reached ** piety under Trog
  7823 | D:9      | Slain by a two-headed ogre

Skill      XL: |  1  2  3  4  5  6  7  8  9 |
---------------+----------------------------+-----
Fighting       | 4 5 6 7 |  7.2
Shields        | 4 5 6 7 8 |  8.3
Armour         | 4 5 6 7 8 |  8.2
Long Blades    | 3 4 5 7 9 10 | 10.0
Dodging        | 1 2 |  2.1
Short Blades   | 1 |  1.5
Stealth        | |  0.6

Action                   |  1- 3 |  4- 6 |  7- 9 || total
-------------------------+-------+-------+-------++-------
Melee: Long sword        |    77 |   211 |   261 ||   549
       Headbutt          |     8 |    39 |    77 ||   124
       Dagger            |       |       |    81 ||    81
       Flail             |       |       |     4 ||     4
Invok: Burn Spellbooks   |       |       |     1 ||     1
  Use: Scroll            |     1 |     4 |     7 ||    12
       Potion            |     3 |     4 |     2 ||     9
  Eat: Chunk             |       |    10 |     6 ||    16
       Fruit             |       |       |     2 ||     2
       Bread ration      |       |       |     1 ||     1
Armor: Scale mail        |    36 |     9 |       ||    45
       Chain mail        |       |    66 |    98 ||   164
       Plate armour      |       |       |    26 ||    26
Dodge: Dodged            |    39 |    57 |    71 ||   167
Block: Shield            |    42 |   133 |   151 ||   326
       Rpst.: Long sword |    12 |    14 |    22 ||    48
